 Dungeon Sprint DCSS version 0.18-a0-1140-g8540535 (webtiles) character file.

15176 Kidiri the Unseen (level 11, 0/47 HPs)
             Began as a Spriggan Enchanter on Jan 21, 2016.
             Was the Champion of Dithmenos.
             Slain by an anaconda (3 damage)
             ... in the Dungeon (Sprint III: "The Ten Rune Challenge").
             The game lasted 00:15:44 (2685 turns).

Kidiri the Unseen (Spriggan Enchanter)              Turns: 2685, Time: 00:15:44

Health: 0/47       AC:  5    Str:  4    XL:     11   Next: 98%
Magic:  15/30      EV: 30    Int: 19    God:    Dithmenos [******]
Gold:   31         SH:  0    Dex: 18    Spells: 9 memorised, 1 level left

rFire  . . .     SeeInvis +     l - +2 dagger (drain)
rCold  . . .     Gourm    .     b - +1 robe
rNeg   . . .     Faith    .     (shield restricted)
rPois  .         Spirit   .     (helmet restricted)
rElec  .         Dismiss  .     k - +1 cloak
rCorr  .         Reflect  .     (gloves unavailable)
SustAt .         Harm     .     (boots unavailable)
MR     +....     NoTele   +     (no amulet)
Stlth  ++++++++++               (no ring)
                                (no ring)

@: wreathed by umbra, constricted, very quick, somewhat resistant to hostile
enchantments, uncannily stealthy
A: unfitting armour, see invisible, herbivore 3, speed 3, slow metabolism 2,
subdued magic 1
a: Shadow Step, Shadow Form, Renounce Religion


You were in the Dungeon.
You worshipped Dithmenos.
Dithmenos was exalted by your worship.
You were not hungry.

You visited 1 branch You collected 31 gold pieces.

Inventory:

Hand Weapons
 a - a +1 dagger
 l - a +2 dagger of draining (weapon)
Missiles
 m - 10 throwing nets (quivered)
Armour
 b - a +1 robe (worn)
 k - a +1 cloak (worn)
Scrolls
 j - a scroll of blinking
 n - a scroll of identify
 q - a scroll of holy word
Potions
 c - a potion of might
 g - 2 potions of haste
 h - 2 potions of magic
 i - 2 potions of berserk rage
 p - 3 potions of cure mutation
 s - a potion of flight
Books
 e - a book of the Tempests

   Spells                             Type                      Level
   a - Static Discharge               Conjuration/Air              3
   b - Lightning Bolt                 Conjuration/Air              5
   c - Fireball                       Conjuration/Fire             5
   d - Tornado                        Air                          9
   e - Shatter                        Earth                        9
Comestibles
 o - 27 royal jellies
 r - 9 fruits


   Skills:
 * Level 13.4 Short Blades
 * Level 17.1 Dodging
 * Level 18.5 Stealth
 * Level 14.7 Spellcasting
 + Level 6.5 Conjurations
 + Level 11.1 Hexes
 + Level 7.2 Ice Magic
 + Level 7.0 Air Magic
 + Level 5.6 Earth Magic
 - Level 2.8 Invocations


You had one spell level left.
You knew the following spells:

 Your Spells              Type           Power        Failure   Level  Hunger
a - Corona                Hex            #####..      0%          1    None
b - Ensorcelled Hibernat  Hex/Ice        ####..       1%          2    None
c - Confuse               Hex            #####...     1%          3    None
d - Tukima's Dance        Hex            #####...     1%          3    None
e - Dazzling Spray        Conj/Hex       ####....     1%          3    None
f - Static Discharge      Conj/Air       ####....     1%          3    None
g - Lightning Bolt        Conj/Air       ####......   5%          5    ###....
h - Shatter               Erth           ###.......   100%        9    #######
i - Tornado               Air            ####......   100%        9    #######


Dungeon Overview and Level Annotations

Branches:
Dungeon (1/1)

Altars:
Cheibriados
Dithmenos
Elyvilon
Fedhas
Gozag
Kikubaaqudgha
Makhleb
Nemelex Xobeh
Okawaru
Pakellas
Qazlal
Ru
Sif Muna
Trog
Vehumet
Xom
Yredelemnul
Zin
The Shining One
Jiyva
Lugonu


Innate Abilities, Weirdness & Mutations

You are tiny and cannot use many weapons and most armour.
You have supernaturally acute eyesight.
You are a herbivore.
You cover ground extremely quickly.
You need consume almost no food.
Your spells are a little easier to cast, but a little less powerful.


Message History

Okay, then.
Unknown command.
Your attempt to break free from the anaconda fails, but you feel that another attempt might succeed.
The anaconda barely misses you.
* * * LOW HITPOINT WARNING * * *
You emit a cloud of dark smoke.
The anaconda constricts you. The anaconda completely misses you.
* * * LOW HITPOINT WARNING * * *
The anaconda constricts you.
Your attempt to break free from the anaconda fails, but you feel that another attempt might succeed.
The anaconda bites you but does no damage.
* * * LOW HITPOINT WARNING * * *
The anaconda constricts you.
Unknown command.
Throwing (i - inventory):
m - 11 throwing nets (quivered)
Press: ? - help, Shift-Dir - straight line, f/p - anaconda
Aim: an anaconda (black smoke, constricting you, umbra)
You throw a throwing net. The throwing net hits the anaconda.
The anaconda is caught in the net!
You die...

♣...§.##.%....#♣♣♣._)#
########'#############
#..%....%...##
#............#
###########..#
##.....%.....#
#...........##
#..##########
#..§@S§.....#
##.§§§§..S...
##########..


You could see an anaconda (caught).

Vanquished Creatures
  Maud (D)
  Erolcha (D)
  2 hydras (D)
  2 anacondas (D)
  A death drake (D)
  A spriggan druid (D)
  A lindwurm (D)
  A deep elf mage (D)
  7 black mambas (D)
  2 spiny frogs (D)
  A komodo dragon (D)
  3 wandering mushrooms (D)
  2 giant leeches (D)
  A queen bee (D)
  5 redbacks (D)
  A shadow (D)
  2 spriggans (D)
  A spatial vortex (D)
  2 hill giants (D)
  3 water moccasins (D)
  A necrophage (D)
  3 two-headed ogres (D)
  A water elemental (D)
  32 killer bees (D)
  An electric eel (D)
  A jelly (D)
  A wizard (D)
  Crazy Yiuf (D)
  A necromancer (D)
  A kobold demonologist (D)
  3 humans (D)
  5 adders (D)
  2 oozes (D)
  2 rats (D)
95 creatures vanquished.

Vanquished Creatures (others)
  2 draconian scorchers (D)
  3 yaktaurs (D)
  A plant (D)
6 creatures vanquished.

Grand Total: 101 creatures vanquished

Notes
Turn   | Place    | Note
--------------------------------------------------------------
     0 | D        | Kidiri the Spriggan Enchanter began the quest for the Orb.
     0 | D        | Reached XP level 1. HP: 9/9 MP: 5/5
    15 | D        | Reached skill level 5 in Stealth
    58 | D        | Killed a yaktaur
    73 | D        | Reached XP level 2. HP: 13/13 MP: 7/7
    77 | D        | Learned a level 2 spell: Ensorcelled Hibernation
   122 | D        | Noticed Crazy Yiuf
   125 | D        | Killed Crazy Yiuf
   125 | D        | Reached skill level 6 in Stealth
   125 | D        | Reached skill level 1 in Ice Magic
   125 | D        | Reached XP level 3. HP: 16/16 MP: 7/9
   134 | D        | Reached skill level 5 in Dodging
   134 | D        | Reached skill level 7 in Stealth
   167 | D        | Gained mutation: Your magical capacity is low (-10% MP). [potion of mutation]
   167 | D        | Gained mutation: You expend magic power (3 MP) to strengthen your wands. [potion of mutation]
   167 | D        | Gained mutation: You are partially covered in iridescent scales (AC +4). [potion of mutation]
   168 | D        | Lost mutation: Your magical capacity is low (-10% MP). [potion of cure mutation]
   168 | D        | Lost mutation: You expend magic power (3 MP) to strengthen your wands. [potion of cure mutation]
   168 | D        | Lost mutation: You are partially covered in iridescent scales (AC +4). [potion of cure mutation]
   169 | D        | Gained mutation: Your spells are a little easier to cast, but a little less powerful. [potion of mutation]
   169 | D        | Gained mutation: You possess an exceptional clarity of mind. [potion of mutation]
   170 | D        | Lost mutation: You possess an exceptional clarity of mind. [potion of cure mutation]
   174 | D        | Killed a white draconian scorcher
   175 | D        | Learned a level 3 spell: Confuse
   179 | D        | Learned a level 3 spell: Tukima's Dance
   195 | D        | Noticed a water elemental
   198 | D        | Killed a water elemental
   198 | D        | Reached skill level 8 in Stealth
   198 | D        | Reached skill level 5 in Spellcasting
   198 | D        | Reached skill level 5 in Hexes
   198 | D        | Reached XP level 4. HP: 21/21 MP: 10/12
   203 | D        | Learned a level 3 spell: Dazzling Spray
   212 | D        | Noticed a shadow
   214 | D        | Killed a shadow
   214 | D        | Reached skill level 9 in Stealth
   214 | D        | Reached skill level 1 in Conjurations
   214 | D        | Reached XP level 5. HP: 24/24 MP: 11/15
   214 | D        | Reached XP level 6. HP: 28/28 MP: 12/17
   260 | D        | Found an oddly glowing altar of Pakellas.
   260 | D        | Found a stormy altar of Qazlal.
   261 | D        | Found a sacrificial altar of Ru.
   261 | D        | Found a burning altar of Makhleb.
   261 | D        | Found a viscous altar of Jiyva.
   261 | D        | Found a shimmering altar of Xom.
   261 | D        | Found a shadowy altar of Dithmenos.
   261 | D        | Found a sparkling altar of Nemelex Xobeh.
   261 | D        | Found a corrupted altar of Lugonu.
   261 | D        | Found an opulent altar of Gozag.
   261 | D        | Noticed a spatial vortex
   266 | D        | Became a worshipper of Dithmenos the Shadowed
   301 | D        | Killed a spatial vortex
   301 | D        | Reached skill level 10 in Stealth
   301 | D        | Reached skill level 1 in Invocations
   384 | D        | Killed a white draconian scorcher
   442 | D        | Found a radiant altar of Vehumet.
   443 | D        | Found a deep blue altar of Sif Muna.
   443 | D        | Found an ancient bone altar of Kikubaaqudgha.
   459 | D        | Learned a level 3 spell: Static Discharge
   465 | D        | Learned a level 5 spell: Lightning Bolt
   474 | D        | Found a glowing silver altar of Zin.
   475 | D        | Found a glowing golden altar of the Shining One.
   475 | D        | Found a white marble altar of Elyvilon.
   475 | D        | Noticed a deep elf mage
   477 | D        | Killed a deep elf mage
   477 | D        | Reached * piety under Dithmenos
   477 | D        | Reached skill level 10 in Dodging
   477 | D        | Reached skill level 11 in Stealth
   477 | D        | Reached XP level 7. HP: 32/32 MP: 18/20
   488 | D        | Found an iron altar of Okawaru.
   489 | D        | Found a bloodstained altar of Trog.
   489 | D        | Noticed a human
   489 | D        | Noticed a human
   491 | D        | Killed a human
   491 | D        | Reached skill level 12 in Stealth
   491 | D        | Reached XP level 8. HP: 36/36 MP: 20/22
   505 | D        | Found a snail-covered altar of Cheibriados.
   506 | D        | Found a basalt altar of Yredelemnul.
   506 | D        | Found a blossoming altar of Fedhas.
   507 | D        | Reached ** piety under Dithmenos
   649 | D        | Reached skill level 10 in Spellcasting
   654 | D        | Reached *** piety under Dithmenos
   684 | D        | Noticed Erolcha
   686 | D        | Killed Erolcha
   686 | D        | Reached skill level 13 in Stealth
   686 | D        | Reached skill level 5 in Ice Magic
   686 | D        | Reached XP level 9. HP: 39/39 MP: 24/24
   702 | D        | Learned a level 9 spell: Shatter
   754 | D        | Reached skill level 10 in Short Blades
   754 | D        | Reached skill level 14 in Stealth
   756 | D        | Reached **** piety under Dithmenos
   849 | D        | Noticed a queen bee
   850 | D        | Reached skill level 1 in Earth Magic
   928 | D        | Reached ***** piety under Dithmenos
  1220 | D        | Reached ****** piety under Dithmenos
  1280 | D        | Killed a yaktaur
  1453 | D        | Reached XP level 10. HP: 44/44 MP: 11/26
  1454 | D        | Reached skill level 15 in Stealth
  1896 | D        | Reached skill level 5 in Conjurations
  1896 | D        | Reached skill level 5 in Air Magic
  1952 | D        | Noticed a spiny frog
  1952 | D        | Noticed a spiny frog
  1956 | D        | Killed a spiny frog
  1962 | D        | Killed a spiny frog
  2027 | D        | Noticed a lindwurm
  2031 | D        | Reached skill level 16 in Stealth
  2051 | D        | Killed a lindwurm
  2051 | D        | Reached skill level 15 in Dodging
  2195 | D        | Noticed Maud
  2197 | D        | Killed Maud
  2197 | D        | Reached skill level 10 in Hexes
  2197 | D        | Reached XP level 11. HP: 47/47 MP: 25/29
  2218 | D        | Noticed a four-headed hydra
  2218 | D        | Noticed an eight-headed hydra
  2223 | D        | Killed an eight-headed hydra
  2223 | D        | Reached skill level 17 in Stealth
  2224 | D        | Killed a four-headed hydra
  2240 | D        | Noticed a death drake
  2242 | D        | Killed a death drake
  2296 | D        | Found a blossoming altar of Fedhas.
  2296 | D        | Noticed a spriggan druid
  2298 | D        | Killed a spriggan druid
  2326 | D        | Learned a level 9 spell: Tornado
  2328 | D        | Noticed an anaconda
  2328 | D        | Noticed an anaconda
  2335 | D        | Killed an anaconda
  2335 | D        | Reached skill level 5 in Earth Magic
  2338 | D        | Killed an anaconda
  2354 | D        | Reached skill level 18 in Stealth
  2673 | D        | Noticed an anaconda
  2673 | D        | Noticed an anaconda
  2685 | D        | Slain by an anaconda

Vault maps used:
D:        dungeon_sprint_mu

Action                   |  1- 3 |  4- 6 |  7- 9 | 10-12 || total
-------------------------+-------+-------+-------+-------++-------
Melee: Dagger            |    21 |    20 |   161 |    93 ||   295
Throw: Throwing net      |       |       |       |     4 ||     4
 Cast: Ensorcelled Hiber |     2 |     1 |    22 |    48 ||    73
       Dazzling Spray    |       |     6 |     6 |     2 ||    14
       Confuse           |       |       |     1 |     7 ||     8
       Static Discharge  |       |       |     7 |     1 ||     8
       Lightning Bolt    |       |       |     4 |     2 ||     6
Invok: Shadow Step       |       |       |     1 |     8 ||     9
  Use: Potion            |     4 |     1 |     1 |       ||     6
       Scroll            |     3 |       |       |       ||     3
 Stab: Sleeping          |     6 |     5 |    18 |    31 ||    60
       Invisible         |       |       |     1 |     1 ||     2
       Held in net/web   |       |       |       |     2 ||     2
       Confused          |       |       |       |     2 ||     2
  Eat: Bread ration      |       |       |       |     1 ||     1
